 Dungeon Crawl Stone Soup version 0.27-a0-1065-ge809cff456 (webtiles) character file.

Game seed: 5770615768587716717

24016 1player the Blocker (level 13, -4/80 HPs)
             Began as a Gargoyle Earth Elementalist on Apr 22, 2021.
             Was an Elder of Qazlal.
             Slain by Rupert
             ... wielding a +0 great sword of protection
              (20 damage)
             ... on level 4 of the Lair of Beasts.
             The game lasted 00:53:49 (16858 turns).

1player the Blocker (Gargoyle Earth Elementalist)  Turns: 16858, Time: 00:53:50

Health: -4/80      AC: 21    Str: 12    XL:     13   Next: 10%
Magic:  9/21       EV: 15    Int: 21    God:    Qazlal [****..]
Gold:   608        SH: 20    Dex: 10    Spells: 15/23 levels left

rFire    + + +     SeeInvis .   a - staff of earth
rCold    + + .     Faith    .   X - +2 shield of Resistance {rF++ rC++ Will++}
rNeg     + . .     Spirit   .   G - +0 ring mail
rPois    ∞         Reflect  .   x - +0 helmet
rElec    +         Harm     .   I - +2 cloak {rCorr}
rCorr    +         Rampage  .   u - +0 pair of gloves
Will     ++...                  (no boots)
Stlth    +.........             R - amulet of magic regeneration
HPRegen  0.23/turn              i - ring of protection from fire
MPRegen  0.42/turn              q - +4 ring of evasion

@: repel missiles
A: AC +9, negative energy resistance 1, electricity resistance, torment
resistance 1, unbreathing 1, petrification resistance
a: Renounce Religion, Upheaval, Elemental Force


You were on level 4 of the Lair of Beasts.
You worshipped Qazlal.
Qazlal was greatly pleased with you.
You visited 3 branches of the dungeon, and saw 16 of its levels.
You also visited: Sewer.

You collected 2615 gold pieces.
You spent 2007 gold pieces at shops.

Inventory:

Hand Weapons
 b - a +1 dagger of electrocution
 y - the +5 falchion "Eprugo" {protect, Int+4}
   (You found it on level 3 of the Lair of Beasts)

   It grants its wielder temporary protection when it strikes (+7 to AC).
   It affects your intelligence (+4).
 N - the +6 spear of Hyumu {vamp, Drain rN+ rCorr}
   (You found it on level 2 of the Lair of Beasts)

   It inflicts no extra harm, but heals its wielder when it wounds a living foe.
   It protects you from negative energy.
   It protects you from acid and corrosion.
   It drains your maximum health when unequipped.
Missiles
 s - 81 stones
Armour
 u - a +0 pair of gloves (worn)
 x - a +0 helmet (worn)
 G - a +0 ring mail (worn)
 I - a +2 cloak of preservation (worn)
 X - the +2 shield of Resistance (worn) {rF++ rC++ Will++}
   (You bought it in a shop on level 10 of the Dungeon)

   It greatly protects you from fire.
   It greatly protects you from cold.
   It greatly increases your willpower.
Magical Staves
 a - a staff of earth (weapon)
Jewellery
 e - an amulet of regeneration
 i - a ring of protection from fire (left hand)
 q - a +4 ring of evasion (right hand)
 M - a ring of fire
 R - an amulet of magic regeneration (around neck)
Wands
 K - a wand of mindburst (13)
 L - a wand of iceblast (7)
 O - a wand of charming (8)
 Q - a wand of flame (31)
 T - a wand of polymorph (8)
 V - a wand of acid (8)
 Y - a wand of digging (3)
Scrolls
 d - 3 scrolls of teleportation
 w - a scroll of brand weapon
 z - 3 scrolls of amnesia
 B - 3 scrolls of fog
 D - a scroll of silence {!r}
 J - a scroll of enchant armour
 S - 5 scrolls of identify {@r1}
 U - 2 scrolls of fear
 W - a scroll of magic mapping
Potions
 l - 5 potions of attraction
 o - 13 potions of curing {@q1}
 t - 2 potions of flight
 v - 2 potions of mutation {!q}
 A - a potion of ambrosia
 C - 2 potions of haste
 E - a potion of might
 F - 2 potions of resistance
 P - a potion of cancellation
Miscellaneous
 Z - a piece from Xom's chessboard (15/15)


   Skills:
 - Level 9.4 Fighting
 - Level 4.4 Armour
 - Level 4.0 Dodging
 - Level 2.1 Stealth
 * Level 14.9 Shields
 - Level 5.7 Spellcasting
 - Level 10.0 Conjurations
 + Level 2.0 Translocations
 - Level 0.7 Transmutations
 - Level 6.9 Earth Magic
 - Level 3.2 Invocations


You had 15 spell levels left.
You knew the following spells:

 Your Spells              Type           Power      Damage    Failure   Level
a - Passwall              Tmut/Erth      27%        N/A       7%          2
q - Sandblast             Erth           100%       2d20      1%          1
w - Stone Arrow           Conj/Erth      100%       3d13      1%          3
z - Searing Ray           Conj           96%        3d7       1%          2

Your spell library contained the following spells:

 Spells                   Type           Power      Damage    Failure   Level
 Magic Dart               Conj           100%       1d8       1%          1
 Dazzling Flash           Conj/Hex       54%        N/A       9%          3
 Blink                    Tloc           N/A        N/A       14%         2
 Iskenderun's Mystic Bla  Conj/Tloc      31%        2d8       19%         4
 Fulminant Prism          Conj/Hex       13%        3d9       26%         4
 Gell's Gravitas          Tloc           7%         N/A       28%         3
 Lesser Beckoning         Tloc           7%         N/A       28%         3
 Teleport Other           Tloc           14%        N/A       28%         3
 Poisonous Vapours        Pois/Air       12%        N/A       32%         2
 Lee's Rapid Deconstruct  Erth           26%        3d15*     32%         5
 Petrify                  Tmut/Erth      33%        N/A       41%         4
 Animate Armour           Summ/Erth      62%        N/A       45%         4
 Borgnjor's Vile Clutch   Necr/Erth      15%        N/A       80%         5
 Summon Lightning Spire   Summ/Air       6%         N/A       91%         4
 Manifold Assault         Tloc           14%        N/A       95%         5


Dungeon Overview and Level Annotations

Branches:
Dungeon (11/15)            Temple (1/1) D:4            Lair (4/6) D:8
  Swamp (0/4) Lair:2          Orc (0/2) D:10          Sewer (visited)
  Snake: Lair:2-4    Spider: Lair:2-4

Altars:
Ashenzari
Cheibriados
Dithmenos
Elyvilon
Fedhas
Gozag
Hepliaklqana
Kikubaaqudgha
Makhleb
Nemelex Xobeh
Okawaru
Qazlal
Ru
Sif Muna
Trog
Uskayaw
Vehumet
Wu Jian
Xom
Yredelemnul
Zin
The Shining One

Shops:
D:10 *:

Portals:
Abyss: Lair:2

Annotations:
D:2 Jessica
D:10 exclusion: statue
Lair:2 2 transporters, PanSaczeczos's ghost, journeyman GnWr
Lair:4 Rupert


Innate Abilities, Weirdness & Mutations

Your stone body is resilient. (AC +9)
You are immune to poison.
You resist negative energy. (rN+)
You are resistant to electric shocks. (rElec)
You are resistant to unholy torment.
You can survive without breathing.
You are immune to petrification.


Message History

Aiming: Stone Arrow (safe; 1% risk of failure)
Press: ? - help, Shift-Dir - straight line, f/p - Rupert
Aim: Rupert, wielding a +0 great sword of protection and wearing a +2 scale mail of positive energy (heavily wounded, berserk, 81% to hit)
You feel a surge of power!
The stone arrow hits Rupert!!
Rupert is severely wounded.
You block Rupert's attack.
Casting: Stone Arrow (safe; 1% risk of failure)
Confirm with . or Enter, or press ? or * to list all spells.
Aiming: Stone Arrow (safe; 1% risk of failure)
Press: ? - help, Shift-Dir - straight line, f/p - Rupert
Aim: Rupert, wielding a +0 great sword of protection and wearing a +2 scale mail of positive energy (severely wounded, berserk, 81% to hit)
You feel a surge of power!
The stone arrow hits Rupert.
Rupert is severely wounded.
You block Rupert's attack.
Rupert hits you with a +0 great sword of protection!
An elephant comes into view.
Casting: Stone Arrow (safe; 1% risk of failure)
Confirm with . or Enter, or press ? or * to list all spells.
Aiming: Stone Arrow (safe; 1% risk of failure)
Press: ? - help, Shift-Dir - straight line, f/p - Rupert
Aim: Rupert, wielding a +0 great sword of protection and wearing a +2 scale mail of positive energy (severely wounded, berserk, 81% to hit)
You feel a surge of power!
The stone arrow hits Rupert!
Rupert is severely wounded.
You hear a trumpeting!
Rupert hits you with a +0 great sword of protection!
Casting: Stone Arrow (safe; 1% risk of failure)
Confirm with . or Enter, or press ? or * to list all spells.
Aiming: Stone Arrow (safe; 1% risk of failure)
Press: ? - help, Shift-Dir - straight line, f/p - Rupert
Aim: Rupert, wielding a +0 great sword of protection and wearing a +2 scale mail of positive energy (severely wounded, berserk, 81% to hit)
You feel a surge of power!
The stone arrow hits Rupert!!
Rupert is almost dead.
Rupert hits you with a +0 great sword of protection!
Rupert hits you with a +0 great sword of protection!!
* * * LOW HITPOINT WARNING * * *
An elephant comes into view.
Rupert closely misses you.
You hear a trumpeting!
Rupert hits you with a +0 great sword of protection!!
You die...

+....... .. #. .......#
... #.# #......# ..
...# #..####......###..
....##.#.##............
.......................
.......○☼..............
..........○............
...YY...Y@@☼.<(†.......
......#..+#.##....####
.P..# ###.####.....#
#.. .# #......... # .#
#....#.... .. #....#
... .. ...... .. ###
P.....# . #P....##


You could see Rupert (berserk) and 3 elephants.

Vanquished Creatures
  3 hydras
  Erica (D:10)
  A catoblepas (Lair:1)
  2 bog bodies (Lair:2)
  A cyclops (D:11)
  4 cane toads
  3 black mambas
  A gargoyle (D:11)
  7 komodo dragons
  A kobold demonologist (D:11)
  2 trolls
  4 blink frogs (Lair:2)
  A wraith (D:11)
  A shadow (D:9)
  23 yaks
  Menkaure (D:5)
  2 swamp worms (Lair:2)
  11 water moccasins
  3 orc warriors
  Purgy (Sewer)
  3 ice beasts
  5 black bears
  An ogre (D:6)
  21 wolves
  5 centaurs
  2 gnoll sergeants
  11 bullfrogs
  2 kobold brigands
  3 scorpions
  2 water moccasin skeletons
  33 killer bees
  An electric eel (Lair:2)
  4 wights (D:6)
  4 centaur zombies
  A bullfrog zombie (D:5)
  4 hounds
  4 jellies
  2 gnoll shamans
  An orc priest (D:9)
  A bullfrog skeleton (D:6)
  Crazy Yiuf (D:5)
  7 orc wizards
  12 hell rats
  27 gnolls
  2 howler monkey zombies (D:9)
  9 adders
  5 worms
  A dart slug (D:1)
  36 orcs
  10 ball pythons
  9 endoplasms
  6 giant cockroaches
  11 hobgoblins
  6 jackals (D:2)
  19 kobolds
  3 quokkas
  9 bats
  3 frilled lizards
  10 goblins
  5 rats
374 creatures vanquished.

Vanquished Creatures (others)
  9 fungi
  7 plants
16 creatures vanquished.

Grand Total: 390 creatures vanquished

Notes
Turn   | Place    | Note
-------+----------+-------------------------------------------
     0 | D:1      | 1player the Gargoyle Earth Elementalist began the quest for
                  | the Orb.
     0 | D:1      | Reached XP level 1. HP: 10/10 MP: 3/3
   156 | D:1      | Reached skill level 1 in Fighting
   249 | D:1      | Reached XP level 2. HP: 16/16 MP: 3/5
   273 | D:1      | Learned a level 2 spell: Passwall
   827 | D:2      | Reached skill level 1 in Conjurations
   827 | D:2      | Reached XP level 3. HP: 18/21 MP: 2/6
  1151 | D:2      | Noticed Jessica
  1260 | D:2      | Reached skill level 1 in Armour
  1260 | D:2      | Reached XP level 4. HP: 26/26 MP: 5/7
  1688 | D:2      | Reached XP level 5. HP: 30/30 MP: 8/8
  2375 | D:3      | Found a glowing drain.
  2384 | Sewer    | Entered a sewer
  2522 | Sewer    | Noticed Purgy
  2530 | Sewer    | Killed Purgy
  2531 | Sewer    | Reached skill level 5 in Earth Magic
  2531 | Sewer    | Reached XP level 6. HP: 35/35 MP: 9/9
  3391 | D:4      | Learned a level 3 spell: Stone Arrow
  3404 | D:4      | Reached skill level 5 in Conjurations
  3604 | D:4      | Reached XP level 7. HP: 40/40 MP: 10/10
  3758 | D:4      | Found a staircase to the Ecumenical Temple.
  3833 | Temple   | Entered the Ecumenical Temple
  4066 | Temple   | Became a worshipper of Qazlal Stormbringer
  4467 | D:5      | Entered Level 5 of the Dungeon
  4685 | D:5      | Noticed Menkaure
  4698 | D:5      | Reached XP level 8. HP: 42/45 MP: 8/11
  4699 | D:5      | Killed Menkaure
  4948 | D:5      | Reached skill level 5 in Fighting
  5399 | D:5      | Found a runed translucent door.
  5400 | D:5      | Noticed Crazy Yiuf
  5451 | D:5      | Killed Crazy Yiuf
  5788 | D:6      | Reached * piety under Qazlal
  5797 | D:6      | Reached XP level 9. HP: 51/55 MP: 2/13
  6668 | D:7      | Identified a scroll of acquirement
  6668 | D:7      | Acquired 731 gold pieces
  6755 | D:7      | Found an ornate altar of the Wu Jian Council.
  6756 | D:7      | Found a shadowy altar of Dithmenos.
  6817 | D:7      | Found an ancient bone altar of Kikubaaqudgha.
  6817 | D:7      | Found a glowing silver altar of Zin.
  6817 | D:7      | Found a shimmering altar of Xom.
  6818 | D:7      | Found an opulent altar of Gozag.
  7098 | D:7      | Identified the Papyrus of the Birds and the Mountains
  7104 | D:7      | Found an iron altar of Okawaru.
  7105 | D:7      | Found a bloodstained altar of Trog.
  7749 | D:8      | Reached ** piety under Qazlal
  7802 | D:8      | Found a white marble altar of Elyvilon.
  8174 | D:8      | Found a staircase to the Lair.
  8326 | D:8      | Reached skill level 5 in Spellcasting
  8331 | D:8      | Reached XP level 10. HP: 47/60 MP: 5/17
  8335 | D:8      | Reached skill level 10 in Conjurations
  8786 | D:9      | Reached skill level 1 in Shields
  8829 | D:9      | Reached skill level 2 in Shields
  8961 | D:9      | Reached skill level 3 in Shields
  8994 | D:9      | Reached skill level 4 in Shields
  9269 | D:9      | Found a snail-covered altar of Cheibriados.
  9630 | D:9      | Found a broken altar of Ashenzari.
  9701 | D:10     | Entered Level 10 of the Dungeon
  9801 | D:10     | Found a radiant altar of Vehumet.
  9866 | D:10     | Noticed Erica
  9875 | D:10     | Killed Erica
  9972 | D:10     | Found Ciamp's Book Shop.
  9978 | D:10     | Bought a book of Conjurations for 450 gold pieces
  9981 | D:10     | Learned a level 2 spell: Searing Ray
 10192 | D:10     | Reached XP level 11. HP: 31/71 MP: 5/19
 10436 | D:10     | Reached *** piety under Qazlal
 10799 | D:10     | Reached skill level 5 in Shields
 10834 | D:10     | Reached skill level 6 in Shields
 11152 | D:10     | Found a staircase to the Orcish Mines.
 11186 | D:10     | Found Ynad's Assorted Antiques.
 11635 | D:11     | Reached skill level 7 in Shields
 11787 | D:11     | Reached skill level 8 in Shields
 11868 | D:11     | Noticed a cyclops
 11888 | D:11     | Killed a cyclops
 12325 | D:11     | Reached skill level 9 in Shields
 12845 | D:8      | Acquired 921 gold pieces
 12950 | D:10     | Bought the +2 shield of Resistance {rF++ rC++ Will++} for
                  | 1557 gold pieces
 12950 | D:10     | Found the +2 shield of Resistance {rF++ rC++ Will++}
 13070 | Lair:1   | Entered Level 1 of the Lair of Beasts
 13168 | Lair:1   | Noticed a catoblepas
 13205 | Lair:1   | Killed a catoblepas
 13206 | Lair:1   | Reached skill level 10 in Shields
 13404 | Lair:1   | Reached skill level 11 in Shields
 13404 | Lair:1   | Reached XP level 12. HP: 76/76 MP: 20/20
 14029 | Lair:2   | Reached skill level 12 in Shields
 14066 | Lair:2   | Reached **** piety under Qazlal
 14077 | Lair:2   | Noticed a six-headed hydra
 14089 | Lair:2   | Killed a six-headed hydra
 14504 | Lair:2   | Reached skill level 13 in Shields
 14893 | Lair:2   | Noticed PanSaczeczos's ghost (journeyman GnWr)
 14895 | Lair:2   | Found a one-way gate to the infinite horrors of the Abyss.
 14907 | Lair:2   | Found a transporter.
 14938 | Lair:2   | Found the +8 demon trident "Rift" {distort, reach+}
 15000 | Lair:2   | Found a transporter.
 15052 | Lair:2   | Identified the +6 spear of Hyumu {vamp, Drain rN+ rCorr}
 15332 | Lair:2   | Found a staircase to the Swamp.
 15516 | Lair:3   | Reached skill level 14 in Shields
 15753 | Lair:3   | Noticed an eight-headed hydra
 15757 | Lair:3   | Killed an eight-headed hydra
 15787 | Lair:3   | Identified the +5 falchion "Eprugo" {protect, Int+4}
 16038 | Lair:3   | Noticed a four-headed hydra
 16042 | Lair:3   | Killed a four-headed hydra
 16043 | Lair:3   | Reached skill level 1 in Translocations
 16043 | Lair:3   | Reached XP level 13. HP: 80/80 MP: 12/21
 16843 | Lair:4   | Noticed Rupert
 16858 | Lair:4   | Slain by Rupert

Illustrated notes

Levels and vault maps discovered:
D:1:      dpeg_arrival_rhombus, layout_loops_ring, chequers_serial_rivers_room_a
D:2:      layout_basic, grunt_decor_clamped, moated_statue, uniq_jessica
D:3:      layout_loops_ring, gup_sewer_entry_bubbles
D:4:      cheibrodos_greedy_goblins, layout_basic, minmay_temple_entry_grid,
          dk_vineyard_2
D:5:      layout_cave_pools, uniq_menkaure, uniq_crazy_yiuf_cottage
D:6:      layout_basic, grunt_ministairs_10, hangedman_decor_riveting,
          chequers_serial_rivers_micro_e
D:7:      layout_rooms, grunt_temple_overflow_bloody_war, minitemple
D:8:      layout_loops_ring, old_standard_altar, lair_entry_dummy
D:9:      layout_basic, general_overflow_altar, chei_slow_surprise,
          minmay_misc_feat_plants, chequers_serial_rivers_room_a
D:10:     layout_gridville, vehumet_statue, hiddenorc1_lemuel, serial_shops,
          nicolae_shop_statue_plus, shop, uniq_erica
D:11:     layout_stronghold, chequers_serial_rivers_large_b
Temple:   jpeg_temple_alley_garden
Lair:1:   layout_hall_layers, grunt_megastairs_2
Lair:2:   layout_hall_layers, nicolae_swamp_entry_splash_gauntlet,
          gammafunk_ghost_abyssal_escape, serial_bayou_pond_b
Lair:3:   layout_regular_city, serial_bayou_shore_b
Lair:4:   layout_regular_city, dummy_snake_entry, lemuel_fruit_fields,
          uniq_nergalle, uniq_rupert, uniq_urug

Skill      XL: |  1  2  3  4  5  6  7  8  9 10 11 12 13 |
---------------+----------------------------------------+-----
Fighting       | 1 2 6 9 |  9.4
Conjurations   | 1 2 4 5 6 9 10 | 10.0
Earth Magic    | 4 5 6 |  6.9
Armour         | 1 4 |  4.4
Dodging        | 4 |  4.0
Spellcasting   | 5 |  5.7
Shields        | 4 11 14 | 14.9
Invocations    | 3 |  3.2
Translocations | 1 2 |  2.0
Stealth        | |  2.1
Transmutations | |  0.7

Action                   |  1- 3 |  4- 6 |  7- 9 | 10-12 | 13-15 || total
-------------------------+-------+-------+-------+-------+-------++-------
Melee: Dagger            |    94 |   356 |   439 |   403 |     4 ||  1296
       Staff             |       |       |       |     1 |       ||     1
 Cast: Sandblast         |    34 |    23 |    67 |   137 |     2 ||   263
       Stone Arrow       |       |       |     7 |    62 |    27 ||    96
       Searing Ray       |       |       |       |    34 |     3 ||    37
  Use: Scroll            |     1 |     8 |    12 |     4 |     1 ||    26
       Potion            |       |     1 |     1 |     3 |     1 ||     6
 Stab: Sleeping          |     1 |     6 |     1 |       |       ||     8
Armor: Robe              |     2 |       |       |       |       ||     2
       Leather armour    |    45 |   114 |    59 |       |       ||   218
       Ring mail         |       |       |   173 |   287 |     4 ||   464
Dodge: Dodged            |    57 |   282 |   470 |   456 |    13 ||  1278
       Repelled          |       |       |       |     1 |       ||     1
Block: Other             |       |       |    18 |     6 |       ||    24
       Buckler           |       |       |       |   108 |       ||   108
       Kite shield       |       |       |       |   370 |    32 ||   402

Table legend: (Time is in decaauts)
 A = Elapsed time spent in this place.
 B = Non-inter-level travel time spent in this place.
 C = Inter-level travel time spent in this place.
 D = Time resting spent in this place.
 E = Time spent auto-exploring this place.
 F = Levels seen in this place.
 G = Mean time per level.
                   A        B        C        D        E       F      G
               +--------+--------+--------+--------+--------+-----+--------+
         Total |  16974 |  15951 |   1023 |   2926 |   8598 |  17 |  998.5 |
       Dungeon |  12835 |  12027 |    808 |   1993 |   6452 |  11 | 1166.8 |
        Temple |    266 |    182 |     84 |      0 |    180 |   1 |  266.0 |
          Lair |   3681 |   3550 |    131 |    929 |   1887 |   4 |  920.2 |
         Sewer |    190 |    190 |      0 |      4 |     79 |   1 |  190.0 |
               +--------+--------+--------+--------+--------+-----+--------+

Top non-repeatable levels by time:
    D:10: 1767 daAuts
  Lair:2: 1666 daAuts
     D:2: 1365 daAuts
     D:8: 1353 daAuts
    D:11: 1340 daAuts
     D:9: 1313 daAuts
  Lair:3: 1132 daAuts
     D:4: 1104 daAuts
     D:6: 1041 daAuts
     D:5: 982 daAuts
     D:3: 943 daAuts
  Lair:1: 839 daAuts
     D:7: 818 daAuts
     D:1: 806 daAuts
  Temple: 266 daAuts
